 Dungeon Crawl Stone Soup version 0.27.0-1-g7a089689b8 (webtiles) character file.

Game seed: 16740876219225006034

464 robertstho the Magician (level 7, 0/49 HPs)
             Began as a Djinni Fire Elementalist on Aug 10, 2021.
             Slain by Pikel (1 damage)
             ... on level 5 of the Dungeon.
             The game lasted 00:05:44 (4589 turns).

robertstho the Magician (Djinni Fire Elementalist)  Turns: 4589, Time: 00:05:45

Health: 0/49       AC:  2    Str:  7    XL:     7   Next: 29%
Gold:   254        EV: 13    Int: 18    God:
                   SH:  0    Dex: 14

rFire    + + +     SeeInvis .   c - +2 halberd (venom)
rCold    x . .     Faith    .   (shield currently unavailable)
rNeg     . . .     Spirit   .   a - +0 robe
rPois    ∞         Reflect  .   (no helmet)
rElec    .         Harm     .   (no cloak)
rCorr    .         Rampage  .   (no gloves)
Will     .....                  (boots unavailable)
Stlth    ++........             (no amulet)
HPRegen  0.16/turn              f - ring of protection from fire
MPRegen  0.00/turn              (no ring)

@: flying
A: sickness immunity, fire resistance 2, cold vulnerability 1, float, innate
caster, hp casting, extra vitality 1
a: no special abilities


You were on level 5 of the Dungeon.
You visited 1 branch of the dungeon, and saw 5 of its levels.

You collected 254 gold pieces.

Inventory:

Hand Weapons
 c - a +2 halberd of venom (weapon)
 g - a +0 short sword
Armour
 a - a +0 robe (worn)
Jewellery
 f - a ring of protection from fire (left hand)
Scrolls
 b - a scroll of teleportation
 e - a scroll of holy word {unknown}
Potions
 d - a potion of curing
 h - a potion of resistance
 i - 2 potions of lignification {unknown}
 j - 3 potions of ambrosia {unknown}
 k - 2 potions of heal wounds {unknown}
 m - a potion of haste {unknown}


   Skills:
 * Level 2.7 Fighting
 + Level 3.0 Dodging
 + Level 2.6 Stealth
 + Level 4.9 Spellcasting


You couldn't memorise any spells.
You knew the following spells:

 Your Spells              Type           Power      Damage    Failure   Level
a - Foxfire               Conj/Fire      88%        2x1d8     1%          1
b - Conjure Flame         Conj/Fire      22%        6-21      5%          3
c - Inner Flame           Hex/Fire       22%        N/A       5%          3
d - Sticky Flame          Conj/Fire      22%        2d4       17%         4
e - Fireball              Conj/Fire      11%        3d7       43%         5
f - Animate Skeleton      Necr           44%        N/A       1%          1
g - Corpse Rot            Necr/Air       N/A        N/A       2%          2
h - Call Canine Familiar  Summ           22%        N/A       5%          3
Your spell library was empty.

Dungeon Overview and Level Annotations

Branches:
Dungeon (5/15)
 Temple: D:4-7

Altars:
Kikubaaqudgha
Nemelex Xobeh
Okawaru
Ru
Zin

Annotations:
D:4 3 runed translucent doors, blackman's ghost, novice MiFi
D:5 Ijyb; Pikel


Innate Abilities, Weirdness & Mutations

You are immune to sickness and miasma.
You are immune to poison.
Your flesh is very heat resistant. (rF++)
You are vulnerable to cold. (rC-)
You float through the air rather than walking.
You learn spells naturally, not from books.
Your magical power is your life essence.
You have superior vitality. (+4 HP)


Message History

Your hound bites the lemure but does no damage.
The lemure misses your hound. The hound barely misses your hound.
Your hound bites the lemure.
Pikel says, "All the demons know me.
They respect me."
Pikel burns!
The lemure burns!
You kill the lemure!
That felt strangely unrewarding.
Your hound bites Pikel.
Pikel burns!
Pikel stops burning.
Your hound bites the hound but does no damage.
The lemure hits your hound.
Your hound bites Pikel but does no damage.
There is an open door here.
Pikel says, "You'll make a fine lemure."
Casting: Sticky Flame (quite dangerous; 19% risk of failure)
Confirm with . or Enter, or press ? or * to list all spells.
The spell is quite dangerous to cast (19% risk of failure)!
Continue anyway?
Aiming: Sticky Flame (quite dangerous; 19% risk of failure)
Press: ? - help, Shift-Dir - straight line, f - hound, p - Pikel
Aim: a hound (heavily wounded, 100% to hit)
The sticky flame hits the hound.
The hound is severely wounded.
The hound is covered in liquid flames!
The hound burns!
You kill the hound!
Your hound bites Pikel.
Unknown command.
Casting: Sticky Flame (quite dangerous; 17% risk of failure)
Confirm with . or Enter, or press ? or * to list all spells.
The spell is quite dangerous to cast (17% risk of failure)!
Continue anyway?
Aiming: Sticky Flame (quite dangerous; 17% risk of failure)
Press: ? - help, Shift-Dir - straight line, f - Pikel
Aim: Pikel, wielding a +2 whip of flaming and wearing a +0 robe (severely wounded, ally target, 100% to hit)
The sticky flame hits Pikel.
Pikel is severely wounded.
Pikel is covered in liquid flames!
* * * LOW HITPOINT WARNING * * *
Pikel burns!
Your hound closely misses Pikel.
Pikel hits you with a +2 whip of flaming!
* * * LOW HITPOINT WARNING * * *
Pikel burns you.
You die...

*,**,*,♣._.♣.♣.#**,,,,,,,,,,*
*,,,,,*.♣.♣.♣..# *,,,,,,,,,,*
*,,,,,,♣.♣.♣...#####*+**,,,,*
***,,,,,♣.♣........##+**,,,,**
*,,*...♣...#........,*,,,,,*
*,,,......5.5.......,*,,,,,**
*,,,,.......h.......,*,,,,,,*
**,,,*##.####K#......*******,*
*,,_,,#......@.......* *** *,,
*,,,,,#.......#......* *,* **,
***####.......###....***+****,
*..........## *....*,,,,**,,
*..$...<...# *,...*,,,,**,*
*..........####,,..*,,,,**,*
*.............#...,***,***,*
*#####+###........,,,,,* *,,
#............,,,,,* ***


You could see Pikel (burning, ally target), 2 lemures and a friendly hound
(summoned).

Vanquished Creatures
  A yak (D:5)
  A water moccasin (D:5)
  2 lemures (D:5)
  A centaur skeleton (D:2)
  A hound (D:5)
  An iguana (D:4)
  Natasha (twice) (D:2)
  2 gnolls (D:1)
  3 dart slugs
  6 orcs (D:3)
  5 bats
  4 endoplasms
  A giant cockroach (D:3)
  8 goblins
  3 hobgoblins
  7 jackals
  2 quokkas (D:1)
  3 ball pythons
  3 frilled lizards
  5 kobolds
  A rat (D:2)
62 creatures vanquished.

Vanquished Creatures (others)
  329 foxfires
  A fungus (D:4)
  3 plants (D:4)
333 creatures vanquished.

Grand Total: 395 creatures vanquished

Notes
Turn   | Place    | Note
-------+----------+-------------------------------------------
     0 | D:1      | robertstho the Djinni Fire Elementalist began the quest for
                  | the Orb.
     0 | D:1      | Reached XP level 1. HP: 15/15 MP: 0/0
   215 | D:1      | Reached XP level 2. HP: 17/22 MP: 0/0
   494 | D:1      | Reached XP level 3. HP: 23/26 MP: 0/0
   494 | D:1      | Learned a level 1 spell: Animate Skeleton
   712 | D:1      | Reached skill level 3 in Spellcasting
   931 | D:1      | Reached skill level 1 in Fighting
  1713 | D:2      | Noticed Natasha
  1724 | D:2      | Killed Natasha
  1725 | D:2      | Reached XP level 4. HP: 24/32 MP: 0/0
  1754 | D:2      | Reached XP level 5. HP: 6/37 MP: 0/0
  1754 | D:2      | Learned a level 2 spell: Corpse Rot
  2064 | D:2      | Found a faded altar of an unknown god.
  2167 | D:2      | Noticed Natasha
  2171 | D:2      | Killed Natasha
  2564 | D:3      | Found a sparkling altar of Nemelex Xobeh.
  3736 | D:4      | Reached skill level 4 in Spellcasting
  3816 | D:4      | Reached XP level 6. HP: 40/43 MP: 0/0
  3924 | D:4      | Found a sacrificial altar of Ru.
  4255 | D:4      | Found a runed translucent gate.
  4257 | D:4      | Found a runed translucent gate.
  4258 | D:4      | Found a runed translucent gate.
  4258 | D:4      | Noticed blackman's ghost (novice MiFi)
  4375 | D:4      | Found a glowing silver altar of Zin.
  4375 | D:4      | Noticed an angel
  4517 | D:5      | Entered Level 5 of the Dungeon
  4524 | D:5      | Noticed a yak
  4530 | D:5      | Noticed Ijyb
  4534 | D:5      | Killed a yak
  4540 | D:5      | Noticed a water moccasin
  4546 | D:5      | Killed a water moccasin
  4547 | D:5      | Reached XP level 7. HP: 27/49 MP: 0/0
  4547 | D:5      | Learned a level 3 spell: Call Canine Familiar
  4564 | D:5      | Found an iron altar of Okawaru.
  4570 | D:5      | Noticed Pikel
  4589 | D:5      | HP: 1/49 [Pikel (12)]
  4589 | D:5      | Slain by Pikel

Illustrated notes

Levels and vault maps discovered:
D:1:      dpeg_arrival_ternary, layout_basic
D:2:      layout_rooms, shapermc_ecumenical_altar_mp_highgroup, uniq_natasha
D:3:      layout_basic, amcnicky_altar_gilded
D:4:      kennysheep_goblin_castle, layout_basic, overflow_temple_1_default,
          zin_angel, old_standard_altar, gammafunk_ghost_nasty_kobolds
D:5:      layout_basic, okawaru_trees_2, mainiacjoe_overflow_alcove_1,
          portal_sewer_entry_f, serial_shops, kennysheep_mini,
          lemuel_another_geyser, uniq_crazy_yiuf_cottage, uniq_blork_the_orc,
          uniq_ijyb, uniq_pikel

Skill      XL: |  1  2  3  4  5  6 |
---------------+-------------------+-----
Spellcasting   | 3 4 |  4.9
Fighting       | 1 2 |  2.7
Stealth        | 2 |  2.6
Dodging        | 3 |  3.0

Action                   |  1- 3 |  4- 6 |  7- 9 || total
-------------------------+-------+-------+-------++-------
Melee: Short sword       |     1 |       |       ||     1
       Halberd           |       |     2 |     1 ||     3
 Cast: Foxfire           |    60 |   132 |     3 ||   195
       Sticky Flame      |       |     2 |     5 ||     7
       Call Canine Famil |       |       |     1 ||     1
  Use: Scroll            |       |     6 |     1 ||     7
       Potion            |       |     1 |     2 ||     3
Armor: Robe              |     3 |     6 |       ||     9
Dodge: Dodged            |     1 |    21 |     2 ||    24
